 Dungeon Crawl Stone Soup version 0.27.1 (webtiles) character file.

Game seed: 17159905815712981890

65 LegoManLMT the Chopper (level 4, 37/37 HPs)
             Began as a Ghoul Gladiator on Aug 30, 2021.
             Was a Follower of Wu Jian.
             Quit the game on level 2 of the Dungeon.
             The game lasted 00:12:34 (1582 turns).

LegoManLMT the Chopper (Ghoul Gladiator)            Turns: 1582, Time: 00:12:35

Health: 37/37      AC:  7    Str: 18    XL:     4   Next: 14%
Magic:  3/3        EV: 10    Int:  3    God:    Wu Jian [*.....]
Gold:   81         SH:  0    Dex: 10    Spells: 3/3 levels left

rFire    . . .     SeeInvis .   a - +0 war axe
rCold    + . .     Faith    .   (no shield)
rNeg     + + +     Spirit   .   n - +0 scale mail
rPois    ∞         Reflect  .   c - +0 helmet
rElec    .         Harm     .   (no cloak)
rCorr    .         Rampage  .   (no gloves)
Will     .....                  (no boots)
Stlth    ..........             (no amulet)
HPRegen  0.12/turn              (no ring)
MPRegen  0.08/turn              (no ring)

@: no status effects
A: claws 1, cold resistance 1, negative energy resistance 3, inhibited
regeneration, torment resistance 2
a: Renounce Religion


You were on level 2 of the Dungeon.
You worshipped Wu Jian.
Wu Jian was aware of your devotion.
You visited 1 branch of the dungeon, and saw 2 of its levels.

You collected 81 gold pieces.

Inventory:

Hand Weapons
 a - a +0 war axe (weapon)
 e - a +0 dagger of holy wrath
 g - a +0 short sword
 h - a +0 dagger of venom
 p - a +0 hunting sling
Missiles
 d - 4 throwing nets (quivered)
 f - 105 stones
 o - 16 poisoned darts
Armour
 b - a +0 leather armour
 c - a +0 helmet (worn)
 n - a +0 scale mail (worn)
Scrolls
 j - a scroll of identify {unknown}
 l - a scroll of fear {unknown}
 m - a scroll of enchant weapon {unknown}
Potions
 i - 2 potions of might {unknown}
 k - a potion of curing {unknown}
 q - a potion of heal wounds {unknown}


   Skills:
 + Level 2.5 Fighting
 + Level 3.7 Axes
 + Level 1.9 Throwing
 + Level 0.6 Armour
 + Level 3.1 Dodging
 + Level 0.2 Stealth


You had 3 spell levels left.
You didn't know any spells.
Your spell library contained the following spells:

 Spells                   Type           Power      Damage    Failure   Level
 Magic Dart               Conj           0%         1d3       90%         1
 Call Imp                 Summ           0%         N/A       97%         2
 Mephitic Cloud           Conj/Pois/Air  0%         N/A       99%         3


Dungeon Overview and Level Annotations

Branches:
Dungeon (2/15)

Altars:
Wu Jian

Shops:
D:2 *


Innate Abilities, Weirdness & Mutations

You thrive by killing the living.
You are immune to poison.
You have sharp fingernails.
Your flesh is cold resistant. (rC+)
You are immune to negative energy. (rN+++)
You do not regenerate when monsters are visible.
You are immune to unholy pain and torment.


Message History

Things that are here:
a +0 club; a +0 hunting sling
There is an open door here.
You see here a bat corpse.
Really walk into that dispersal trap? [Y]es or [N]o only, please.
Really walk into that dispersal trap?
You enter a dispersal trap!
You blink.
You see here a bat corpse.
Really walk into that dispersal trap? [Y]es or [N]o only, please.
Really walk into that dispersal trap?
You enter a dispersal trap!
You blink.
Found a stone staircase leading up.
There is a stone staircase leading up here.
There is a stone staircase leading up here.
You climb upwards.
Found a lumpy black potion and a throwing net.
There is a stone staircase leading down here.
You climb downwards.
There is a stone staircase leading up here.
You climb upwards.
There is a stone staircase leading down here.
q - a lumpy black potion
There are no items here.
d - 4 throwing nets (gained 1)
There are no items here.
There is a stone staircase leading down here.
You climb downwards.
There is a stone staircase leading up here.
Really walk into that dispersal trap? [Y]es or [N]o only, please.
Really walk into that dispersal trap? [Y]es or [N]o only, please.
Really walk into that dispersal trap? [Y]es or [N]o only, please.
Really walk into that dispersal trap?
You enter a dispersal trap!
You blink.
There is an open door here.
There is an open door here.
Are you sure you want to abandon this character and quit the game? (Confirm with "yes".)

##.# #.# #.# ###..#####.# #.#
#..........###.#
#...........##.# ###
#####...........##.# #<#
................##.# #.#
####.............#.# #.#
#.............#.#.# #.#
##.##...##'##..#@..# #.#
........##.##..##..# #.#
####.####8.8#####..# #.###
#.# ##.## ##.######.#.# #.#
#.# #.#........# #.#
##.#######.#.###∩##.# #.#
#8.8#.....>#......#.#
##########.#############..#.#
#8##8##8##.##8##8##8##.†....#


There were no monsters in sight!

Vanquished Creatures
  An adder (D:2)
  2 dart slugs
  5 bats
  An endoplasm (D:1)
  4 giant cockroaches
  7 goblins
  6 hobgoblins
  4 jackals (D:1)
  2 quokkas
  A ball python (D:1)
  4 frilled lizards
  3 kobolds (D:1)
  6 rats
46 creatures vanquished.

Notes
Turn   | Place    | Note
-------+----------+-------------------------------------------
     0 | D:1      | LegoManLMT the Ghoul Gladiator began the quest for the Orb.
     0 | D:1      | Reached XP level 1. HP: 17/17 MP: 0/0
   149 | D:1      | Reached XP level 2. HP: 10/25 MP: 1/1
   666 | D:1      | Reached XP level 3. HP: 27/30 MP: 2/2
  1169 | D:2      | Reached XP level 4. HP: 34/37 MP: 3/3
  1192 | D:2      | Found a faded altar of an unknown god.
  1197 | D:2      | Became a worshipper of the Wu Jian Council
  1197 | D:2      | Reached * piety under Wu Jian
  1365 | D:2      | Found Doakuc's Assorted Antiques.
  1582 | D:2      | Quit the game

Illustrated notes

Levels and vault maps discovered:
D:1:      denvon_arrival_hothouse, layout_loops_corners
D:2:      layout_basic, serial_shops, shop,
          hellmonk_ecumenical_altar_inner_sanctum, dk_noncrumbling_2

Skill      XL: |  1  2 |
---------------+-------+-----
Axes           | 3 |  3.7
Dodging        | 3 |  3.1
Fighting       | |  2.5
Throwing       | |  1.9
Armour         | |  0.6
Stealth        | |  0.2

Action                   |  1- 3 |  4- 6 || total
-------------------------+-------+-------++-------
Melee: War axe           |   109 |    13 ||   122
Invok: Whirlwind         |       |     1 ||     1
Armor: Leather armour    |    56 |       ||    56
       Scale mail        |    12 |     9 ||    21
Dodge: Dodged            |   139 |    10 ||   149
